 Dungeon Crawl Stone Soup version 0.23-a0-368-g82e90586b2 (webtiles) character file.

6668 Napalmbreeze the Soothsayer (level 10, 0/81 HPs)
             Began as a Demonspawn Artificer on Oct 24, 2018.
             Was a Priest of Nemelex Xobeh.
             Slain by a troll (10 damage)
             ... on level 9 of the Dungeon.
             The game lasted 00:41:36 (13071 turns).

Napalmbreeze the Soothsayer (Demonspawn Artificer) Turns: 13071, Time: 00:41:36

Health: 0/81       AC: 16    Str: 15    XL:     10   Next: 73%
Magic:  17/17      EV:  8    Int: 14    God:    Nemelex Xobeh [***...]
Gold:   592        SH:  0    Dex: 13    Spells: 9/9 levels left

rFire    . . .     SeeInvis .   o - +0 scythe (slice)
rCold    . . .     Gourm    .   (shield currently unavailable)
rNeg     + . .     Faith    .   J - +0 chain mail (curse)
rPois    +         Spirit   .   (helmet restricted)
rElec    .         Reflect  .   N - +0 cloak
rCorr    .         Harm     +   (no gloves)
MR       .....                  U - +2 pair of boots "Ynopsiat" {rPois}
Stlth    ..........             c - amulet of harm
HPRegen  0.23/turn              x - ring of positive energy
MPRegen  0.15/turn              (no ring)

@: no status effects
A: horns 2, molten scales 1, powered by death 1, rot immunity
a: Triple Draw, Renounce Religion


You were on level 9 of the Dungeon.
You worshipped Nemelex Xobeh.
Nemelex Xobeh was most pleased with you.
You were not hungry.

You visited 2 branches of the dungeon, and saw 10 of its levels.
You also visited: Bailey.

You collected 592 gold pieces.

Inventory:

Hand Weapons
 b - a +0 blowgun
 o - a +0 scythe of slicing (weapon)
 R - a +2 rapier of venom
Missiles
 s - 59 poisoned needles
 t - 4 needles of confusion
Armour
 C - a +0 large shield
 J - a cursed +0 chain mail (worn)
 N - a +0 cloak (worn)
 U - the +2 pair of boots "Ynopsiat" (worn) {rPois}
   (You found it on level 9 of the Dungeon)

   It protects you from poison.
Magical Staves
 O - an uncursed staff of conjuration {unknown}
Jewellery
 c - an amulet of harm (around neck)
 r - an uncursed amulet of the gourmand
 x - a ring of positive energy (left hand)
 E - an uncursed ring of positive energy
Wands
 d - a wand of enslavement (9)
 e - a wand of random effects (1)
 G - a wand of acid (6)
Scrolls
 a - a scroll of silence {unknown}
 g - 2 scrolls of noise {unknown}
 i - 3 scrolls of remove curse {unknown}
 l - 2 scrolls of random uselessness {unknown}
 m - a scroll of fear
 p - 3 scrolls of immolation
 q - 13 scrolls of identify
 v - 7 scrolls of teleportation {unknown}
 w - 5 scrolls of enchant weapon {unknown}
 A - 4 scrolls of blinking {unknown}
 F - 5 scrolls of enchant armour {unknown}
 P - a scroll of magic mapping {unknown}
 T - a scroll of acquirement {unknown}
Potions
 h - a potion of berserk rage {unknown}
 j - 4 potions of cancellation {unknown}
 k - 3 potions of haste {unknown}
 n - 2 potions of agility {unknown}
 u - 2 potions of heal wounds
 z - a potion of brilliance {unknown}
 B - 2 potions of degeneration {unknown}
 D - 2 potions of magic {unknown}
 H - a potion of resistance {unknown}
 I - a potion of mutation {unknown}
 L - a potion of curing
 M - 2 potions of lignification {unknown}
 Q - a potion of might
Miscellaneous
 y - a plain deck of escape {drawn: 2}
 K - an ornate deck of destruction
 S - a plain deck of destruction {drawn: 1}
Comestibles
 f - 10 rations
 V - 3 chunks of flesh


   Skills:
 + Level 8.3 Fighting
 - Level 1.2 Short Blades
 + Level 6.6 Polearms
 + Level 6.5 Armour
 - Level 3.9 Dodging
 - Level 0.8 Stealth
 + Level 9.3 Invocations
 - Level 6.0 Evocations


You had 9 spell levels left.
You didn't know any spells.
Your spell library was empty.

Dungeon Overview and Level Annotations

Branches:
Dungeon (9/15)             Temple (1/1) D:4            Lair (0/6) D:9
    Orc: D:9-12

Altars:
Ashenzari
Cheibriados
Dithmenos
Elyvilon
Fedhas
Gozag
Hepliaklqana
Kikubaaqudgha
Makhleb
Nemelex Xobeh
Okawaru
Qazlal
Ru
Sif Muna
Trog
Uskayaw
Vehumet
Wu Jian
Xom
Yredelemnul
Zin
The Shining One

Shops:
D:6 %??


Innate Abilities, Weirdness & Mutations

You have a pair of horns on your head.
You are partially covered in molten scales. (AC +2)
You regenerate a little health from kills.
You are immune to rotting.


Message History

Unknown command.
You barely miss the troll. The troll bites you but does no damage.
The troll claws you but does no damage. x2
You hit the troll. You headbutt the troll!
The troll is heavily wounded.
The troll barely misses you. The troll claws you.
The troll claws you but does no damage. The troll bites you but does no damage.
The troll claws you! The troll claws you but does no damage.
Unknown command.
You hit the troll.
The troll is heavily wounded.
The troll bites you. The troll claws you!
* * * LOW HITPOINT WARNING * * *
The troll claws you but does no damage. The troll bites you!
* * * LOW HITPOINT WARNING * * *
The troll claws you.
* * * LOW HITPOINT WARNING * * *
The troll claws you!
You die...
Your body glows with a rainbow of weird colours and disappears.

##.# #####.....# ...#
#.###.# # #>. #####.#
#.# #.#.. ..##.# #.#
###.#.### #.#..# #.#
........###.#.# #.#
#.#.#.....# #.#
#.........####.######
#..........T@.........
##........############
.##.###.#.....#
..............#
....###.####### .# #.#
#.# #.# #.#


You could see a troll.

Vanquished Creatures
  An orc knight (Bailey)
  A hippogriff (D:9)
  Sigmund (D:3)
  A wolf (D:9)
  An ice beast (D:6)
  11 orc warriors (Bailey)
  3 black bears
  A sky beast (D:9)
  3 ogres
  2 phantoms (D:6)
  3 centaurs
  A crocodile (D:9)
  A big kobold (D:7)
  4 bullfrogs
  A wyvern zombie (D:6)
  A scorpion (D:7)
  A howler monkey (D:8)
  6 crimson imps
  8 hounds
  2 centaur skeletons
  8 orc priests
  A bullfrog skeleton (D:7)
  A jelly (D:7)
  7 orc wizards
  3 iguanas
  6 worker ants
  A killer bee zombie (D:7)
  7 adders
  20 gnolls
  3 shadow imps
  An adder skeleton (D:4)
  A worm (D:3)
  A dart slug (D:1)
  3 leopard geckos
  46 orcs
  7 giant cockroaches
  20 goblins
  16 hobgoblins
  6 jackals
  15 kobolds
  4 quokkas
  3 ball pythons
  5 bats
  3 frilled lizards
  A leopard gecko zombie (D:5)
  8 rats
250 creatures vanquished.

Vanquished Creatures (collateral kills)
  An orc warlord (Bailey)
  An orc knight (Bailey)
  2 orc warriors (Bailey)
  A big kobold (D:8)
  A hound (D:9)
  Ijyb (D:5)
  An adder (D:2)
  An orc (Bailey)
  A bat (D:2)
  2 kobolds (D:8)
12 creatures vanquished.

Vanquished Creatures (others)
  A black bear (D:9)
  An adder (D:2)
  A gnoll (D:3)
3 creatures vanquished.

Grand Total: 265 creatures vanquished

Notes
Turn   | Place    | Note
-------+----------+-------------------------------------------
     0 | D:1      | Napalmbreeze the Demonspawn Artificer began the quest for
                  | the Orb.
     0 | D:1      | Reached XP level 1. HP: 15/15 MP: 3/3
    95 | D:1      | Reached skill level 1 in Short Blades
   344 | D:1      | Gained mutation: You are immune to rotting. [demonic
                  | ancestry]
   344 | D:1      | Reached XP level 2. HP: 21/21 MP: 4/4
   941 | D:2      | Noticed an ogre
  1160 | D:2      | Gained mutation: You regenerate a little health from kills.
                  | [demonic ancestry]
  1160 | D:2      | Reached XP level 3. HP: 19/27 MP: 5/5
  1451 | D:2      | Killed an ogre
  1451 | D:2      | Reached XP level 4. HP: 27/34 MP: 5/7
  1508 | D:2      | Found a shattered altar of Ashenzari.
  1988 | D:3      | Gained mutation: You are partially covered in molten
                  | scales. (AC +2) [demonic ancestry]
  1988 | D:3      | Reached XP level 5. HP: 36/40 MP: 8/8
  2599 | D:3      | Found a faded altar of an unknown god.
  2859 | D:3      | Noticed Sigmund
  2978 | D:3      | Killed Sigmund
  2978 | D:3      | Gained mutation: You have a pair of small horns on your
                  | head. [demonic ancestry]
  2978 | D:3      | Reached XP level 6. HP: 28/48 MP: 9/9
  3000 | D:3      | Found a shattered altar of Ashenzari.
  3492 | D:2      | Found a radiant altar of Vehumet.
  3492 | D:2      | Found a glowing silver altar of Zin.
  3492 | D:2      | Found an opulent altar of Gozag.
  3638 | D:4      | Found a staircase to the Ecumenical Temple.
  3657 | Temple   | Entered the Ecumenical Temple
  3752 | Temple   | Became a worshipper of Nemelex Xobeh the Trickster
  3922 | D:4      | Reached skill level 1 in Polearms
  3922 | D:4      | Reached skill level 1 in Invocations
  4008 | D:4      | Reached skill level 5 in Evocations
  4142 | D:4      | Received a gift from Nemelex Xobeh
  4146 | D:4      | Reached XP level 7. HP: 51/54 MP: 10/10
  4303 | D:4      | Reached skill level 1 in Armour
  4700 | D:5      | Entered Level 5 of the Dungeon
  4907 | D:5      | Reached skill level 2 in Invocations
  5059 | D:5      | Reached * piety under Nemelex Xobeh
  5275 | D:5      | Noticed Ijyb
  5286 | D:5      | Killed Ijyb
  5620 | D:5      | Reached skill level 3 in Invocations
  5647 | D:5      | Reached XP level 8. HP: 15/61 MP: 12/12
  5982 | D:5      | Reached ** piety under Nemelex Xobeh
  6146 | D:6      | Found Qaps's Magic Scroll Shoppe.
  6175 | D:6      | Reached skill level 5 in Fighting
  6209 | D:6      | Found a stormy altar of Qazlal.
  6389 | D:6      | Reached skill level 4 in Invocations
  6791 | D:6      | Found Wonidyeh's Magic Scroll Shoppe.
  6933 | D:6      | Found Juticac's Food Shop.
  7484 | D:6      | Reached skill level 5 in Invocations
  8229 | D:7      | Received a gift from Nemelex Xobeh
  8260 | D:7      | Gained mutation: You have a pair of horns on your head.
                  | [demonic ancestry]
  8260 | D:7      | Reached XP level 9. HP: 64/69 MP: 13/13
  8952 | D:7      | Reached skill level 6 in Invocations
  9300 | D:7      | Found a snail-covered altar of Cheibriados.
  9355 | D:8      | Received a gift from Nemelex Xobeh
  9996 | D:9      | Reached *** piety under Nemelex Xobeh
 10024 | D:9      | Found a shattered altar of Ashenzari.
 10025 | D:9      | Received a gift from Nemelex Xobeh
 10229 | D:9      | Reached skill level 5 in Polearms
 10229 | D:9      | Reached skill level 7 in Invocations
 10325 | D:9      | Found a staircase to the Lair.
 10350 | D:9      | Reached skill level 5 in Armour
 10424 | D:9      | Found a flagged portal.
 10434 | Bailey   | Entered a bailey
 10705 | Bailey   | Received a gift from Nemelex Xobeh
 11415 | Bailey   | Reached XP level 10. HP: 27/79 MP: 15/15
 11772 | Bailey   | HP: 1/79 [orc warrior/+0 war axe (20)]
 11833 | Bailey   | Reached skill level 8 in Invocations
 11961 | Bailey   | Noticed an orc warlord
 11987 | Bailey   | Killed an orc warlord
 11988 | Bailey   | Noticed an orc knight
 11990 | Bailey   | Noticed an orc knight
 11995 | Bailey   | Killed an orc knight
 11997 | Bailey   | Killed an orc knight
 12000 | Bailey   | Reached skill level 9 in Invocations
 12783 | D:9      | Got a pair of ichor-stained boots
 12789 | D:9      | Identified the +2 pair of boots "Ynopsiat" {rPois} (You
                  | found it on level 9 of the Dungeon)
 13071 | D:9      | Slain by a troll

Vault maps used:
D:1:      dpeg_arrival_another_circle, minmay_misc_feat_four_crosses
D:2:      nicolae_overflow_hidden_temple, minmay_tromino_v7
D:3:      chequers_ecumenical_altar_simple, nicolae_ashenzari_panopticon,
          uniq_sigmund
D:4:      minmay_temple_entry_mist, kennysheep_generic_room_6
D:5:      first_ration, uniq_ijyb
D:6:      nicolae_overflow_crystal_walls, serial_shops, nicolae_shop_waterfront,
          shop_scrolls, shop
D:7:      kennysheep_mini_moat, serial_bayou_crossing
D:9:      erik_lair_island, basic_altar, enter_bailey_8, uniq_prince_ribbit1
Temple:   lightli_temple_of_artemis
Bailey:   bailey_axe_minmay_hex_keep, bailey

Skill      XL: |  1  2  3  4  5  6  7  8  9 10 |
---------------+-------------------------------+-----
Short Blades   | 1 |  1.2
Dodging        | 2 3 |  3.9
Fighting       | 2 3 4 5 7 8 |  8.3
Evocations     | 4 5 6 |  6.0
Polearms       | 1 2 3 5 6 |  6.6
Invocations    | 1 3 5 7 9 |  9.3
Armour         | 2 3 5 6 |  6.5
Stealth        | |  0.8

Action                   |  1- 3 |  4- 6 |  7- 9 | 10-12 || total
-------------------------+-------+-------+-------+-------++-------
Melee: Spear             |   110 |   108 |       |       ||   218
       Scythe            |       |    58 |   655 |    50 ||   763
       Headbutt          |       |     9 |   104 |    14 ||   127
 Fire: Blowgun           |       |    12 |     4 |       ||    16
Invok: Triple Draw       |       |       |       |     1 ||     1
Evoke: Wand              |     3 |    14 |    17 |     9 ||    43
       Deck              |       |       |    10 |    12 ||    22
  Use: Potion            |     1 |       |     2 |     2 ||     5
       Scroll            |       |     2 |       |       ||     2
 Stab: Sleeping          |     2 |     4 |       |       ||     6
       Confused          |     2 |       |       |       ||     2
       Paralysed         |       |     6 |       |     3 ||     9
  Eat: Chunk             |     2 |     6 |    27 |     4 ||    39
       Ration            |       |     1 |       |     1 ||     2
Armor: Leather armour    |    22 |    17 |       |       ||    39
       Chain mail        |       |    62 |   657 |    46 ||   765
Dodge: Dodged            |    60 |    87 |   433 |    37 ||   617

Table legend:
 A = Non-vault XP
 B = Vault XP
 C = Vault XP percentage of total XP
 D = Non-vault monster count
 E = Vault monster count
 F = Vault count percentage of total count
                 A         B        C        D         E       F
            +---------+---------+-------+---------+---------+-------
      Total |    4699 |    4828 |  50.7 |     182 |      81 |  30.8
            +---------+---------+-------+---------+---------+-------
        D:1 |      28 |       0 |   0.0 |      17 |       0 |   0.0
        D:2 |     150 |      15 |   9.1 |      19 |       4 |  17.4
        D:3 |     141 |     231 |  62.1 |      21 |       1 |   4.5
        D:4 |     335 |       5 |   1.5 |      10 |       1 |   9.1
        D:5 |     606 |      20 |   3.2 |      24 |       1 |   4.0
        D:6 |    1059 |       0 |   0.0 |      31 |       0 |   0.0
        D:7 |     995 |       0 |   0.0 |      34 |       0 |   0.0
        D:8 |     397 |       0 |   0.0 |      11 |       0 |   0.0
        D:9 |     988 |     296 |  23.1 |      15 |       5 |  25.0
     Bailey |       0 |    4261 | 100.0 |       0 |      69 | 100.0
            +---------+---------+-------+---------+---------+-------
